 Dungeon Crawl Stone Soup version 0.25-a0-306-g3faca94807 (webtiles) character file.

Game seed: 2876578835518670313, levelgen mode: deterministic

205 MoonlitKnight the Conjurer (level 5, -2/28 HPs)
             Began as a Deep Elf Conjurer on Dec 21, 2019.
             Killed by divine providence
             ... invoked by an orc priest
              (14 damage)
             ... on level 4 of the Dungeon.
             The game lasted 00:08:00 (3567 turns).

MoonlitKnight the Conjurer (Deep Elf Conjurer)      Turns: 3567, Time: 00:08:01

Health: -2/28      AC:  3    Str:  5    XL:     5   Next: 52%
Magic:  1/13       EV: 14    Int: 21    God:
Gold:   132        SH:  0    Dex: 15    Spells: 2/12 levels left

rFire    . . .     SeeInvis .   r - +3 whip (venom)
rCold    . . .     Gourm    .   (no shield)
rNeg     . . .     Faith    .   a - +0 robe
rPois    .         Spirit   .   (no helmet)
rElec    .         Reflect  .   (no cloak)
rCorr    .         Harm     .   e - +0 pair of gloves
MR       .....                  (no boots)
Stlth    +++.......             (no amulet)
HPRegen  0.09/turn              (no ring)
MPRegen  0.13/turn              (no ring)

@: no status effects
A: no striking features
a: no special abilities


You were on level 4 of the Dungeon.
You were not hungry.

You visited 1 branch of the dungeon, and saw 4 of its levels.

You collected 132 gold pieces.

Inventory:

Hand Weapons
 r - a +3 whip of venom (weapon)
Missiles
 m - 45 sling bullets
 p - 18 poisoned darts (quivered)
Armour
 a - a +0 robe (worn)
 e - a +0 pair of gloves (worn)
Jewellery
 i - an uncursed ring of poison resistance {unknown}
Scrolls
 d - 5 scrolls of remove curse {unknown}
 f - 6 scrolls of identify {unknown}
 j - 5 scrolls of teleportation {unknown}
 k - 3 scrolls of blinking {unknown}
 l - a scroll of amnesia {unknown}
 n - a scroll of enchant armour {unknown}
 o - 3 scrolls of enchant weapon {unknown}
 q - a scroll of magic mapping {unknown}
Potions
 b - 2 potions of curing {unknown}
 g - a potion of heal wounds {unknown}
 h - 4 potions of flight {unknown}
Comestibles
 c - 6 rations


   Skills:
 + Level 3.7 Dodging
 + Level 3.9 Stealth
 + Level 4.3 Spellcasting
 * Level 5.8 Conjurations


You had 2 spell levels left.
You knew the following spells:

 Your Spells              Type           Power        Failure   Level  Hunger
a - Magic Dart            Conj           ####         1%          1    None
b - Searing Ray           Conj           ####..       1%          2    #......
c - Dazzling Flash        Conj/Hex       ###...       11%         3    ##.....
d - Fulminant Prism       Conj/Hex       ###.......   34%         4    ####...

Your spell library contained the following spells:

 Spells                   Type           Power        Failure   Level  Hunger
 Iskenderun's Mystic Bla  Conj/Tloc      ###.....     34%         4    ####...


Dungeon Overview and Level Annotations

Branches:
Dungeon (4/15)
 Temple: D:4-7

Altars:
Uskayaw
Vehumet
Wu Jian


Message History

The hound is moderately wounded. (Press . to maintain the ray.)
The searing ray hits the hound.
The hound is severely wounded.
The searing ray misses the orc priest.
The hound barely misses you. The hound bites you.
Without enough magic to sustain it, your searing ray dissipates.
The hound bites you but does no damage. The hound bites you but does no damage.
The hound closely misses you.
You closely miss the hound.
The hound is severely wounded.
The hound misses you.
You hit the hound.
You kill the hound!
You hit the orc priest.
The orc priest is severely wounded.
The orc priest mumbles some strange prayers to Beogh against you.
Beogh smites you!
Ouch! That really hurt!
You die...

#............ #.......#
#............ #.......#
#............ #.......#
##............ ##
#.......######...........^. #>
+.......................... #.
#.......#####.#####....#.##
#)#####.....#####..#(..#.###<...
##.†...........o@...#(..#........
#....###.)...######.#####..###.##
.....# #.....# #.......####.##
#.h..# #.....# #..._...##.....
).#### #.....# ##.....###..... #.
#.....# ####.####..... # #.....#
#.......... ####### ######.....
#.....


You could see 2 dancing weapons and an orc priest.

Vanquished Creatures
  A hound (D:4)
  An orc priest (D:3)
  7 gnolls
  An adder (D:3)
  2 worms
  A dart slug (D:1)
  A leopard gecko (D:1)
  5 orcs
  7 giant cockroaches
  6 goblins
  4 hobgoblins
  2 jackals (D:3)
  A quokka (D:2)
  9 bats
  A frilled lizard (D:2)
  6 kobolds
  6 rats
61 creatures vanquished.

Vanquished Creatures (others)
  An ogre (D:4)
  A hound (D:4)
  An adder (D:4)
  An orc (D:4)
  A ball python skeleton (D:4)
5 creatures vanquished.

Grand Total: 66 creatures vanquished

Notes
Turn   | Place    | Note
-------+----------+-------------------------------------------
     0 | D:1      | MoonlitKnight the Deep Elf Conjurer began the quest for the
                  | Orb.
     0 | D:1      | Reached XP level 1. HP: 10/10 MP: 6/6
   157 | D:1      | Reached XP level 2. HP: 7/15 MP: 1/8
   322 | D:1      | Learned a level 2 spell: Searing Ray
   751 | D:1      | Reached XP level 3. HP: 19/19 MP: 3/9
  1343 | D:2      | Learned a level 3 spell: Dazzling Flash
  1383 | D:2      | Reached skill level 5 in Conjurations
  1982 | D:2      | Found an ornate altar of the Wu Jian Council.
  2281 | D:2      | Reached XP level 4. HP: 17/24 MP: 1/11
  2373 | D:2      | Learned a level 4 spell: Fulminant Prism
  2805 | D:3      | Reached XP level 5. HP: 27/28 MP: 7/13
  3062 | D:3      | You fall into a shaft and drop 1 floor!
  3073 | D:4      | Killed an ogre
  3081 | D:4      | Noticed a +0 dagger
  3081 | D:4      | Noticed a +0 hand axe
  3083 | D:4      | Found a hide-covered altar of Uskayaw.
  3335 | D:4      | Found a radiant altar of Vehumet.
  3567 | D:4      | Killed from afar by an orc priest

Levels and vault maps discovered:
D:1:      ebering_trefoil_twist, layout_loops_ring
D:2:      layout_basic, marbit_many_paths, serial_curves, eino_curves_02,
          eino_curves_02, kennysheep_decorative_pillar
D:3:      layout_rooms
D:4:      layout_basic, dancing_weapons_uskayaw, xom_confusion_cloud,
          fiery_altar_vehumet, first_ration

Skill      XL: |  1  2  3  4 |
---------------+-------------+-----
Stealth        | 3 |  3.9
Dodging        | 3 |  3.7
Conjurations   | 5 |  5.8
Spellcasting   | 4 |  4.3

Action                   |  1- 3 |  4- 6 || total
-------------------------+-------+-------++-------
Melee: Halberd           |     6 |       ||     6
       Whip              |       |     3 ||     3
 Cast: Magic Dart        |    70 |    15 ||    85
       Searing Ray       |     6 |    16 ||    22
  Eat: Chunk             |     4 |     3 ||     7
       Ration            |       |     1 ||     1
Armor: Robe              |     7 |     3 ||    10
Dodge: Dodged            |    16 |     5 ||    21

Table legend:
 A = Non-vault XP
 B = Vault XP
 C = Vault XP percentage of total XP
 D = Non-vault monster count
 E = Vault monster count
 F = Vault count percentage of total count
                 A         B        C        D         E       F
            +---------+---------+-------+---------+---------+-------
      Total |     291 |       2 |   0.7 |      60 |       1 |   1.6
            +---------+---------+-------+---------+---------+-------
        D:1 |      50 |       0 |   0.0 |      22 |       0 |   0.0
        D:2 |      38 |       2 |   5.0 |      15 |       1 |   6.2
        D:3 |     115 |       0 |   0.0 |      18 |       0 |   0.0
        D:4 |      88 |       0 |   0.0 |       5 |       0 |   0.0
            +---------+---------+-------+---------+---------+-------
